 Dungeon Crawl Stone Soup version 0.27-a0-679-g77a6b55cf3 (webtiles) character file.

Game seed: 15021759031153771779

2 rednaxela the Caller (level 1, -1/14 HPs)
             Began as a Palentonga Summoner on Mar 18, 2021.
             Slain by a goblin
             ... wielding a +0 dagger
              (3 damage)
             ... on level 1 of the Dungeon.
             The game lasted 00:01:26 (106 turns).

rednaxela the Caller (Palentonga Summoner)           Turns: 106, Time: 00:01:26

Health: -1/14      AC:  4    Str: 11    XL:     1   Next: 33%
Magic:  2/3        EV:  9    Int: 15    God:
Gold:   0          SH:  0    Dex: 10    Spells: 3/4 levels left

rFire    . . .     SeeInvis +   (no weapon)
rCold    . . .     Faith    .   (no shield)
rNeg     . . .     Spirit   .   a - +0 robe
rPois    .         Reflect  .   (no helmet)
rElec    .         Harm     .   (no cloak)
rCorr    .         Rampage  .   (no gloves)
Will     .....                  (no barding)
Stlth    +.........             (no amulet)
HPRegen  0.04/turn              (no ring)
MPRegen  0.08/turn              (no ring)

@: no status effects
A: large, rugged brown scales 3, see invisible, deformed body, roll 1, armoured
tail
a: Rolling Charge


You were on level 1 of the Dungeon.
You visited 1 branch of the dungeon, and saw 1 of its levels.

Inventory:

Armour
 a - a +0 robe (worn)
Scrolls
 b - a scroll of immolation {unknown}


   Skills:
 - Level 0.2 Fighting
 + Level 0.0 Long Blades
 - Level 1.6 Dodging
 - Level 1.3 Stealth
 - Level 2.0 Spellcasting
 - Level 3.2 Summonings


You had 3 spell levels left.
You knew the following spells:

 Your Spells              Type           Power      Damage    Failure   Level
a - Summon Small Mammal   Summ           44%        N/A       6%          1

Your spell library contained the following spells:

 Spells                   Type           Power      Damage    Failure   Level
 Call Imp                 Summ           11%        N/A       9%          2
 Call Canine Familiar     Summ           11%        N/A       17%         3
 Summon Guardian Golem    Hex/Summ       6%         N/A       34%         3
 Summon Ice Beast         Ice/Summ       6%         N/A       75%         4
 Summon Lightning Spire   Summ/Air       6%         N/A       75%         4


Dungeon Overview and Level Annotations

Branches:
Dungeon (1/15)

Altars:

Shops:
D:1 (


Innate Abilities, Weirdness & Mutations

You are completely covered in rugged brown scales. (AC +3, +7% HP)
You have supernaturally acute eyesight. (SInv)
Armour fits poorly on your strangely shaped body.
You can roll at nearby foes to attack.
You have a long armoured tail.


Message History

Welcome, rednaxela the Palentonga Summoner.
Will you prevail where others failed? Will you find the Orb of Zot?
Press ? for a list of commands and other information.
Found a staircase leading out of the dungeon.
Annotate which branch? (. - D:1, ? - help, ! - show branch list)
Okay, then.
You open the door.
There is an open door here.
The troll shouts!
The octopode shouts!
The halfling shouts!
The felid hisses angrily.
The human shouts!
The tengu shouts!
The naga shouts!
The ogre shouts!
The demonspawn shouts!
The merfolk shouts!
The minotaur bellows!
The orc shouts!
The kobold shouts!
The dwarf shouts!
The formicid shouts!
The vine stalker shouts!
You open the door.
There is an open door here.
A hobgoblin comes into view. It is wielding a +0 club.
Found a dark potion.
You see here a scroll labelled KYOC REXZUBERY.
b - a scroll labelled KYOC REXZUBERY The hobgoblin shouts!
A frilled lizard comes into view.
You hit the hobgoblin but do no damage. You tail-slap the hobgoblin.
You kill the hobgoblin!
Things that are here:
a +0 club; a hobgoblin corpse
Found Eworier's Antique Weapon Shoppe.
The frilled lizard hisses angrily.
You hit the frilled lizard.
You kill the frilled lizard!
No target in view!
You see here a frilled lizard corpse.
A bat comes into view.
Casting: Summon Small Mammal (safe; 6% risk of failure)
Confirm with . or Enter, or press ? or * to list all spells.
The bat misses your bat. The bat hits your bat.
Your bat hits the bat.
Casting: Summon Small Mammal (safe; 6% risk of failure)
Confirm with . or Enter, or press ? or * to list all spells.
Your bat hits the bat but does no damage.
The bat barely misses you.
Your bat misses the bat.
Your bat barely misses the bat.
The bat hits you but does no damage.
You miss the bat.
The bat is moderately wounded.
The bat barely misses you.
Your bat hits the bat.
No target in range!
The bat hits you but does no damage.
Your bat closely misses the bat.
Your quokka bites the bat.
The bat dies!
No target in view!
There is an entrance to Eworier's Antique Weapon Shoppe here.
Your bat disappears in a puff of smoke!
Magic restored.
A goblin comes into view. It is wielding a +0 dagger.
Your quokka disappears in a puff of smoke!
The goblin shouts!
The goblin barely misses you.
You completely miss the goblin. The goblin hits you with a +0 dagger.
You closely miss the goblin. The goblin hits you with a +0 dagger.
* * * LOW HITPOINT WARNING * * *
You closely miss the goblin. The goblin hits you with a +0 dagger.
* * * LOW HITPOINT WARNING * * *
Casting: Summon Small Mammal (safe; 6% risk of failure)
Confirm with . or Enter, or press ? or * to list all spells.
A giant cockroach comes into view.
The goblin hits you but does no damage. The goblin hits you with a +0 dagger.
* * * LOW HITPOINT WARNING * * *
Your rat bites the goblin.
Your rat barely misses the goblin.
You barely miss the goblin.
The goblin is severely wounded.
Something bites your rat. The goblin hits you with a +0 dagger.
You die...

#p#h#p#Q#O#6#m#p#H#K#B#f#
#.....
##########################
#..... #..........# #...).
.. #..........# ####.. ...
#..........# ####.. ....
#..........# #..†..
....###..........###.....
.........................
........@.........†......
##.....g#######.......###
........#######..........
.......r......#.∩........
....##........#..........
.... #........#.......###
... #........#.......# ..
#........#.......#
#........#.......#


You could see a goblin (ally target) and a friendly rat (summoned).

Vanquished Creatures
  A hobgoblin (D:1)
  A frilled lizard (D:1)
2 creatures vanquished.

Vanquished Creatures (collateral kills)
  A bat (D:1)
1 creature vanquished.

Grand Total: 3 creatures vanquished

Notes
Turn   | Place    | Note
-------+----------+-------------------------------------------
     0 | D:1      | rednaxela the Palentonga Summoner began the quest for the
                  | Orb.
     0 | D:1      | Reached XP level 1. HP: 14/14 MP: 3/3
     2 | D:1      | Noticed a gargoyle
     2 | D:1      | Noticed an octopode
     4 | D:1      | Noticed a troll
     4 | D:1      | Noticed a halfling
     6 | D:1      | Noticed a felid
     8 | D:1      | Noticed a ghoul
     8 | D:1      | Noticed a human
    10 | D:1      | Noticed a naga
    10 | D:1      | Noticed a tengu
    12 | D:1      | Noticed an elf
    12 | D:1      | Noticed an ogre
    14 | D:1      | Noticed a centaur
    14 | D:1      | Noticed a demonspawn
    16 | D:1      | Noticed a draconian
    16 | D:1      | Noticed a merfolk
    18 | D:1      | Noticed a vampire
    18 | D:1      | Noticed a demigod
    20 | D:1      | Noticed a minotaur
    22 | D:1      | Noticed a spriggan
    24 | D:1      | Noticed a dwarf
    24 | D:1      | Noticed a formicid
    26 | D:1      | Noticed a vine stalker
    53 | D:1      | Found Eworier's Antique Weapon Shoppe.
   106 | D:1      | Slain by a goblin

Illustrated notes

Levels and vault maps discovered:
D:1:      kb_arrival_jail, layout_basic, serial_shops, shop

Action                   || total
-------------------------++-------
Melee: Unarmed           ||     7
       Tailslap          ||     1
 Cast: Summon Small Mamm ||     3
Armor: Robe              ||     3
Dodge: Dodged            ||     3

Table legend: (Time is in decaauts)
 A = Elapsed time spent in this place.
 B = Non-inter-level travel time spent in this place.
 C = Inter-level travel time spent in this place.
 D = Time resting spent in this place.
 E = Time spent auto-exploring this place.
 F = Levels seen in this place.
 G = Mean time per level.
                   A        B        C        D        E       F      G
               +--------+--------+--------+--------+--------+-----+--------+
         Total |    106 |    106 |      0 |      0 |     63 |   1 |  106.0 |
       Dungeon |    106 |    106 |      0 |      0 |     63 |   1 |  106.0 |
               +--------+--------+--------+--------+--------+-----+--------+

Top non-repeatable levels by time:
     D:1: 106 daAuts
